 Dungeon Crawl Stone Soup version 0.26-a0-1126-g3318b609a0 (webtiles) character file.

Game seed: 7069625164305512985

88 pablito the Insei (level 4, -21/28 HPs)
             Began as an Octopode Transmuter on Dec 17, 2020.
             Demolished by an ogre
             ... wielding a +0 giant club
              (24 damage)
             ... on level 2 of the Dungeon.
             The game lasted 00:04:21 (2103 turns).

pablito the Insei (Octopode Transmuter)             Turns: 2103, Time: 00:04:22

Health: -21/28     AC:  1    Str:  9    XL:     4   Next: 53%
Magic:  8/8        EV: 13    Int: 16    God:
Gold:   79         SH:  0    Dex: 12    Spells: 7/8 levels left

rFire    + . .     SeeInvis +     - Unarmed
rCold    . . .     Faith    .   (no shield)
rNeg     . . .     Spirit   .   (helmet currently unavailable)
rPois    .         Reflect  .   (no amulet)
rElec    .         Harm     .   f - ring of protection from fire
rCorr    .         Rampage  .   i - ring of see invisible
Will     .....                  (no ring)
Stlth    ++........             (no ring)
HPRegen  0.09/turn              (no ring)
MPRegen  0.11/turn              (no ring)
                                (no ring)
                                (no ring)

@: appendages (expiring)
A: almost no armour, stealthy swim, amphibious, 8 rings, constrict 8, tentacle
spike 3, camouflage 1, gelatinous body 1
a: End Transformation


You were on level 2 of the Dungeon.
One of your tentacles had a temporary spike.
You visited 1 branch of the dungeon, and saw 2 of its levels.

You collected 79 gold pieces.

Inventory:

Jewellery
 f - a ring of protection from fire (left tentacle)
 i - a ring of see invisible (right tentacle)
Scrolls
 a - a scroll of magic mapping {unknown}
 d - a scroll of fog {unknown}
 g - a scroll of fear {unknown}
 h - a scroll of enchant armour {unknown}
Potions
 b - a potion of brilliance {unknown}
 c - a potion of haste {unknown}
 e - a potion of heal wounds {unknown}


   Skills:
 - Level 1.0 Fighting
 - Level 2.0 Dodging
 + Level 1.7 Shields
 + Level 3.6 Unarmed Combat
 + Level 2.7 Spellcasting
 + Level 2.8 Transmutations


You had 7 spell levels left.
You knew the following spells:

 Your Spells              Type           Power        Failure   Level
a - Beastly Appendage     Tmut           22%          6%          1

Your spell library contained the following spells:

 Spells                   Type           Power        Failure   Level
 Wereblood                Tmut           11%          9%          2
 Spider Form              Tmut/Pois      3%           32%         3
 Ice Form                 Ice/Tmut       6%           71%         4
 Blade Hands              Tmut           5%           86%         5


Dungeon Overview and Level Annotations

Branches:
Dungeon (2/15)

Altars:


Innate Abilities, Weirdness & Mutations

You cannot wear most types of armour.
You are very stealthy in the water. (Stealth+)
You are amphibious.
You can wear up to eight rings at the same time.
You can use your tentacles to constrict eight enemies at once.
Your skin changes colour to match your surroundings (Stealth+).
Your rubbery body absorbs attacks. (AC +1, EV +1)
One of your tentacles bears a large vicious spike.


Message History

There is an open door here.
Your transformation is almost over.
You tentacle-slap the ogre.
You pierce the ogre.
The ogre is moderately wounded.
The ogre barely misses you.
You completely miss the ogre. You squeeze the ogre.
The ogre is moderately wounded.
You tentacle-slap the ogre.
The ogre is moderately wounded.
The ogre barely misses you.
You tentacle-slap the ogre.
The ogre is heavily wounded.
The ogre hits you with a +0 giant club!!
Ouch! That really hurt!
* * * LOW HITPOINT WARNING * * *
You tentacle-slap the ogre.
You pierce the ogre.
The ogre is heavily wounded.
The ogre hits you with a +0 giant club!!
Ouch! That really hurt!
You die...

..................###.#..####.
......................# .....
......................# ..w
...................(..# #'##
.........###......(#### ##..#
.....(..........#########8w.#
................####.....†.##
.................#.'.w.....#
##.......###....@Og######8..#
#.......# #.....### ##..#
#.......# #.....# #+##
#.......# #.....# #.......#
#.....# #.......# #.....#
#.......# #.....# #.......#
#.....# #.......#


You could see an ogre, a dart slug and a hobgoblin.

Vanquished Creatures
  2 adders (D:2)
  2 oozes (D:2)
  2 worms (D:2)
  A dart slug (D:1)
  2 leopard geckos (D:1)
  A ball python (D:1)
  2 giant cockroaches (D:1)
  8 goblins
  5 hobgoblins
  5 jackals (D:1)
  A quokka (D:2)
  6 bats
  5 frilled lizards
  5 kobolds
  5 rats
52 creatures vanquished.

Notes
Turn   | Place    | Note
-------+----------+-------------------------------------------
     0 | D:1      | pablito the Octopode Transmuter began the quest for the
                  | Orb.
     0 | D:1      | Reached XP level 1. HP: 13/13 MP: 3/3
     0 | D:1      | Noticed an ice dragon
     2 | D:1      | Noticed a tentacled monstrosity
     4 | D:1      | Noticed a purple draconian
     5 | D:1      | Noticed a large abomination
     8 | D:1      | Noticed an orb of fire
    10 | D:1      | Noticed an iron dragon
    14 | D:1      | Noticed a tentacled monstrosity
    14 | D:1      | Noticed a green draconian
    16 | D:1      | Noticed an orb of fire
    16 | D:1      | Noticed a shadow dragon
    16 | D:1      | Noticed an iron dragon
    20 | D:1      | Noticed a tentacled monstrosity
   275 | D:1      | Reached XP level 2. HP: 18/18 MP: 3/5
   526 | D:1      | Reached skill level 1 in Shields
   636 | D:1      | Reached XP level 3. HP: 23/23 MP: 4/6
  1388 | D:2      | Reached XP level 4. HP: 28/28 MP: 5/7
  2086 | D:2      | Noticed an ogre
  2103 | D:2      | Demolished by an ogre

Illustrated notes

Levels and vault maps discovered:
D:1:      shiori_arrival_whats_in_store_for_you, layout_basic, serial_glass,
          glass_columns_b, glass_columns_a
D:2:      minmay_chambers_of_twos, layout_basic, corexii_hall_statues_i,
          chequers_serial_rivers_small_b

Skill      XL: |  1  2 |
---------------+-------+-----
Shields        | 1 |  1.7
Fighting       | |  1.0
Dodging        | |  2.0
Unarmed Combat | |  3.6
Spellcasting   | |  2.7
Transmutations | |  2.8

Action                   |  1- 3 |  4- 6 || total
-------------------------+-------+-------++-------
Melee: Unarmed           |    73 |    44 ||   117
       Constrict         |    21 |     6 ||    27
       Kick              |    19 |    10 ||    29
       Punch             |     2 |       ||     2
       Tentacles         |     7 |     6 ||    13
 Cast: Beastly Appendage |    28 |    11 ||    39
 Stab: Sleeping          |     3 |       ||     3
Armor: Skin              |     4 |     3 ||     7
Dodge: Dodged            |    40 |    38 ||    78

Table legend: (Time is in decaauts)
 A = Elapsed time spent in this place.
 B = Non-inter-level travel time spent in this place.
 C = Inter-level travel time spent in this place.
 D = Time resting spent in this place.
 E = Time spent auto-exploring this place.
 F = Levels seen in this place.
 G = Mean time per level.
                   A        B        C        D        E       F      G
               +--------+--------+--------+--------+--------+-----+--------+
         Total |   2094 |   2067 |     27 |      0 |   1723 |   2 | 1047.0 |
       Dungeon |   2094 |   2067 |     27 |      0 |   1723 |   2 | 1047.0 |
               +--------+--------+--------+--------+--------+-----+--------+

Top non-repeatable levels by time:
     D:1: 1180 daAuts
     D:2: 914 daAuts
